Map: [ESL] Hardwire

Players

Cure

  • Race: Terran Terran

Solar - Winner!

  • Race: Zerg Zerg

Event: IEM Katowice 2022

VOD

Have the link to the VOD?

Description

Time

  • Played on: Feb. 24, 2022, 9:09 a.m.
  • Length: 14:21

All games in this series

Show
View Real Time Build Order
Export as new Build Order

Cure Terran 

Build Orders:  

Get SALT Encoding   

  12  0:00  SCV  
  13  0:12  SCV  
  14  0:17  Supply Depot  
  14  0:24  SCV  
  15  0:38  SCV  
  15  0:40  Barracks  
  15  0:42  Refinery  
  16  0:50  SCV  
  17  1:02  SCV  
  18  1:15  SCV  
  19  1:27  Barracks Reactor, Orbital Command  
  19  1:37  Command Center  
  19  1:47  Supply Depot  
  19  1:52  SCV  
  20  2:02  Marine  
  20  2:03  Marine  
  20  2:05  SCV  
  23  2:17  SCV  
  23  2:21  Command Center  
  24  2:24  Marine  
  24  2:25  Marine  
  24  2:29  SCV  
  27  2:41  SCV  
  27  2:42  Marine  
  27  2:43  Marine  
  30  2:49  Orbital Command  
  30  2:53  SCV  
  31  2:58  Engineering Bay  
  31  3:00  Engineering Bay  
  31  3:02  Marine  
  31  3:03  Marine  
  33  3:06  SCV  
  34  3:15  SCV  
  34  3:18  SCV  
  36  3:21  Barracks  
  36  3:27  Terran Infantry Weapons Level 1, Terran Infantry Armor Level 1  
  36  3:28  SCV  
  36  3:30  SCV  
  38  3:34  Orbital Command  
  38  3:36  Marine  
  38  3:37  Marine  
  38  3:41  SCV  
  41  3:42  SCV  
  41  3:46  Factory  
  42  3:53  SCV  
  42  3:54  SCV, Marine  
  42  3:55  Marine  
  45  3:59  SCV  
  45  4:01  Refinery  
  45  4:02  Refinery  
  47  4:05  SCV  
  47  4:06  SCV, Refinery  
  47  4:09  Barracks Tech Lab  
  49  4:12  SCV  
  49  4:13  Supply Depot  
  49  4:15  Marine  
  51  4:17  SCV, Marine  
  51  4:18  SCV  
  54  4:25  SCV  
  54  4:29  SCV  
  54  4:30  SCV  
  57  4:32  Armory  
  57  4:36  Stimpack  
  57  4:38  SCV  
  58  4:41  Supply Depot, SCV, Marine x3  
  58  4:42  SCV  
  63  4:47  Starport  
  63  4:52  Barracks, SCV  
  64  4:53  SCV  
  64  4:54  Factory Reactor  
  64  4:55  SCV  
  66  5:01  Marine x3  
  66  5:06  Supply Depot  
  69  5:10  Orbital Command  
  69  5:12  SCV x2, Barracks  
  69  5:13  Barracks  
  71  5:19  Marine x3  
  74  5:22  Terran Infantry Weapons Level 2  
  74  5:24  Terran Infantry Armor Level 2  
  74  5:25  SCV  
  74  5:26  SCV  
  76  5:29  Supply Depot  
  76  5:31  Supply Depot  
  76  5:35  SCV  
  77  5:37  SCV  
  77  5:41  Medivac x2  
  82  5:44  SCV  
  82  5:45  Barracks Reactor  
  85  5:50  SCV  
  85  5:51  SCV  
  85  5:55  Factory Reactor  
  85  5:56  SCV  
  86  5:57  Barracks x2  
  86  5:59  Barracks  
  86  6:02  Supply Depot  
  86  6:03  SCV, Barracks Reactor x2  
  87  6:04  Supply Depot  
  87  6:05  Marine x2  
  87  6:06  Marine  
  87  6:10  SCV x2  
  92  6:15  SCV  
  93  6:18  Supply Depot  
  93  6:22  Combat Shield  
  93  6:24  Marine x5  
  98  6:27  Supply Depot  
  98  6:29  Medivac x2  
  102  6:35  Hellion x2  
  102  6:36  Supply Depot  
  102  6:39  Marine x2  
  108  6:41  Marine x2  
  108  6:42  Supply Depot, Marine  
  111  6:51  Barracks Tech Lab  
  111  6:53  Barracks Tech Lab x2, Marauder, Marine x3  
  115  6:57  Marine x2  
  115  7:01  Supply Depot, Hellion x2  
  117  7:03  Medivac  
  117  7:05  Medivac  
  117  7:08  Marine x3  
  125  7:13  Marauder x2, Concussive Shells  
  132  7:17  Supply Depot  
  132  7:23  Marine x3  
  132  7:24  Supply Depot, Marauder  
  132  7:27  Hellion x2  
  132  7:28  Marine  
  132  7:29  Marine x2  
  144  7:32  Supply Depot  
  144  7:35  Marauder x2  
  148  7:37  Marauder  
  148  7:38  Marine  
  148  7:39  Medivac  
  153  7:44  Medivac  
  153  7:48  Marine x4, Marauder  
  153  7:49  Marine  
  162  7:53  Marine x2  
  162  7:55  Hellion x2  
  162  7:56  Marauder  
  170  7:58  Supply Depot  
  170  8:04  Supply Depot  
  170  8:15  Marine  
  170  8:16  Marine x3, Marauder  
  170  8:17  Marauder  
  132  8:21  Marine x4, Marauder  
  132  8:23  Hellion x2, Medivac  
  126  8:29  Marine  
  126  8:33  Marine x2  
  121  8:34  Marine, Marauder  
  121  8:37  Marauder  
  121  8:38  Supply Depot, Marauder  
  121  8:40  Supply Depot  
  127  8:42  Terran Infantry Weapons Level 3  
  127  8:43  Marine x4  
  127  8:45  Terran Infantry Armor Level 3  
  129  8:53  Marine  
  129  8:54  Marine x3, Marauder  
  135  8:56  Widow Mine, Marauder  
  135  8:57  Widow Mine  
  141  9:04  Medivac  
  136  9:12  Marine x4, Marauder x2  
  136  9:13  Marine x4  
  136  9:15  Marauder  
  145  9:17  Marauder  
  147  9:25  Medivac  
  147  9:28  SCV x2  
  147  9:29  SCV, Marine x2  
  147  9:30  Marine x2  
  156  9:34  Marauder x2  
  160  9:38  Marine x2  
  160  9:39  Marine x2, Marauder x2  
  160  9:42  Widow Mine x2  
  166  9:53  Medivac  
  166  9:54  Marine x4  
  166  9:55  Marauder x2  
  166  9:59  Marine x4  
  180  10:00  Marauder  
  180  10:01  Marauder  
  184  10:09  Widow Mine  
  184  10:10  Widow Mine  
  184  10:13  Supply Depot  
  188  10:18  Supply Depot  
  188  10:22  Marine  
  189  10:31  Marine  
  189  10:32  Marine x2, Medivac, Marauder  
  187  10:37  Command Center  
  187  10:41  Marine x5, Marauder x3  
  196  10:49  Marine  
  196  10:50  Marine x2  
  171  11:02  Marine x4, Marauder  
  171  11:03  Marauder  
  156  11:11  Marine x4  
  156  11:12  Marauder, Medivac  
  156  11:13  Widow Mine x2, Medivac  
  161  11:26  Marine x5, Marauder x2  
  161  11:28  Command Center  
  167  11:48  Marine x2, Marauder  
  167  11:52  Marine x4  
  167  11:53  Marauder x2  
  157  12:04  Widow Mine x2, Marine x2, Medivac x2, Marauder  
  157  12:05  Marine x2  
  159  12:10  Marauder, Marine x4  
  159  12:13  Marine  
  157  12:16  Marine  
  157  12:22  Marine x2  
  152  12:23  Marine x2  
  152  12:26  Marauder  
  152  12:28  Marine x3  
  158  12:31  Marauder  
  158  12:32  Marauder  
  155  12:38  Marine x2  
  155  12:39  Medivac  
  155  12:40  Marine  
  154  12:47  Marauder  
  153  12:54  Marine x3  
  153  12:55  Marauder x2  
  153  12:57  Marauder  
  160  13:00  Marine x2  
  158  13:07  Widow Mine  
  158  13:09  Marauder  
  160  13:18  Marine x2  
  160  13:19  Marine x6, Marauder x3  
  150  13:29  Marine  
  122  13:36  Marine x4  
  122  13:37  Marine x4  
  122  13:40  Marauder  
  122  13:41  Marauder x2  
  116  13:45  Medivac  
  116  13:46  Medivac  
  116  13:47  Marine  
Show
View Real Time Build Order
Export as new Build Order

Solar Zerg - Winner!

Build Orders: Hatch First 

Get SALT Encoding   

  12  0:00  Drone  
  13  0:12  Overlord  
  13  0:17  Drone  
  14  0:30  Drone x2  
  16  0:47  Hatchery  
  15  0:51  Drone  
  15  0:54  Drone  
  17  0:57  Drone  
  18  1:08  Extractor  
  17  1:13  Spawning Pool  
  17  1:17  Drone  
  17  1:20  Drone  
  18  1:28  Drone  
  19  1:39  Drone  
  20  1:50  Drone  
  21  1:59  Queen  
  21  2:00  Queen, Zergling x2  
  21  2:01  Zergling x2  
  27  2:13  Metabolic Boost  
  27  2:14  Overlord  
  28  2:15  Drone  
  28  2:27  Hatchery  
  28  2:29  Drone  
  28  2:32  Drone  
  29  2:39  Queen  
  29  2:42  Drone  
  32  2:47  Overlord  
  32  2:49  Drone  
  32  2:54  Drone  
  32  2:55  Drone  
  32  2:57  Drone  
  35  3:06  Drone x2  
  35  3:09  Drone x3  
  40  3:14  Queen  
  40  3:17  Overlord  
  42  3:20  Drone  
  42  3:25  Overlord  
  43  3:37  Drone x2  
  43  3:40  Queen  
  43  3:41  Drone x5  
  52  3:48  Overlord  
  52  3:49  Drone x2  
  52  3:52  Drone x2  
  56  3:56  Queen  
  56  3:59  Drone  
  56  4:01  Drone x2  
  60  4:05  Drone  
  60  4:07  Extractor  
  60  4:12  Drone x2  
  60  4:15  Overlord  
  62  4:17  Evolution Chamber  
  62  4:18  Queen  
  62  4:20  Evolution Chamber  
  62  4:21  Zergling x6  
  62  4:23  Drone x2  
  67  4:27  Drone  
  67  4:29  Zergling x2  
  67  4:30  Drone  
  70  4:32  Overlord  
  70  4:35  Drone  
  70  4:38  Drone x2  
  72  4:41  Extractor  
  72  4:44  Zerg Ground Armor Level 1  
  73  4:45  Drone  
  73  4:46  Drone  
  73  4:48  Zerg Melee Weapons Level 1  
  73  4:49  Drone x2  
  73  4:50  Drone x2  
  78  4:53  Drone x3  
  78  4:55  Extractor  
  80  5:01  Overlord  
  80  5:02  Drone  
  80  5:03  Drone  
  82  5:07  Drone x3  
  82  5:09  Hatchery  
  82  5:11  Extractor  
  82  5:12  Lair  
  82  5:14  Drone, Baneling Nest  
  82  5:16  Drone x2  
  84  5:22  Zergling x2  
  84  5:23  Zergling x4  
  84  5:25  Drone  
  84  5:27  Overlord  
  88  5:29  Zergling x4  
  88  5:30  Zergling x4  
  88  5:31  Drone  
  88  5:35  Drone x2  
  95  5:40  Hatchery  
  95  5:41  Drone x2  
  95  5:42  Zergling x2  
  97  5:45  Drone  
  97  5:47  Drone x2  
  100  5:55  Overlord  
  100  5:57  Drone x2  
  100  5:58  Drone  
  100  6:00  Drone x2, Baneling  
  100  6:01  Baneling x7  
  100  6:03  Extractor  
  104  6:07  Drone  
  104  6:08  Zergling x2  
  104  6:09  Centrifugal Hooks  
  104  6:11  Baneling, Overlord  
  106  6:12  Overseer  
  106  6:14  Zergling x4  
  106  6:15  Baneling, Zergling x2  
  106  6:16  Drone  
  106  6:17  Hatchery  
  106  6:18  Zergling x2  
  110  6:19  Zergling x4  
  110  6:21  Zergling x2  
  110  6:22  Zergling x2  
  110  6:25  Zergling x2  
  115  6:28  Drone x2  
  115  6:29  Drone  
  115  6:31  Zergling x8  
  122  6:32  Baneling  
  122  6:33  Baneling  
  122  6:34  Overlord  
  122  6:36  Zergling x4  
  122  6:39  Zerg Ground Armor Level 2  
  124  6:41  Zergling x2  
  124  6:42  Zergling x2  
  124  6:43  Zerg Melee Weapons Level 2  
  124  6:45  Zergling x4  
  125  6:53  Zergling x8  
  128  6:55  Baneling x3  
  128  6:56  Baneling x5  
  128  6:59  Zergling x20  
  138  7:02  Hydralisk Den  
  138  7:03  Overlord  
  138  7:05  Drone  
  138  7:07  Zergling x6  
  141  7:13  Zergling x2  
  141  7:15  Overlord  
  142  7:17  Baneling x6  
  142  7:18  Overlord  
  142  7:21  Overlord  
  142  7:22  Zergling x2  
  143  7:25  Zergling x2  
  143  7:29  Zergling x14  
  151  7:31  Drone  
  151  7:32  Zergling x8  
  151  7:33  Baneling x3  
  151  7:34  Baneling x13, Overlord  
  151  7:36  Baneling x4  
  156  7:38  Zergling x12  
  156  7:43  Baneling x10  
  161  7:44  Zergling x6  
  161  7:45  Zergling x2  
  161  7:49  Baneling x4  
  165  7:52  Zergling x10  
  165  7:56  Zergling x2  
  169  8:00  Zergling x8  
  169  8:03  Baneling x5  
  168  8:06  Zergling x14  
  168  8:10  Overlord x2  
  168  8:11  Overlord  
  174  8:18  Overlord  
  174  8:19  Zergling x2  
  146  8:20  Overlord  
  146  8:23  Zergling x2  
  146  8:24  Zergling x6  
  146  8:26  Zergling x4  
  135  8:31  Hydralisk x4  
  135  8:32  Zergling x6  
  135  8:33  Infestation Pit  
  139  8:35  Zergling x12  
  139  8:40  Grooved Spines  
  139  8:41  Zergling x8  
  149  8:42  Baneling x13  
  149  8:44  Zergling x2  
  149  8:46  Drone x2  
  152  8:49  Drone, Baneling  
  152  8:50  Baneling x4, Zergling x2  
  152  8:53  Drone  
  152  8:54  Drone  
  152  8:55  Baneling x4  
  155  8:56  Overlord, Extractor  
  155  8:57  Drone  
  155  8:59  Drone  
  156  9:04  Zergling x4  
  156  9:07  Zerg Missile Weapons Level 1  
  149  9:10  Zergling x8  
  149  9:14  Zergling x4  
  148  9:17  Zergling x12, Hive  
  148  9:19  Hydralisk x2  
  148  9:20  Hydralisk  
  148  9:21  Baneling, Zergling x8  
  148  9:22  Zergling x2  
  165  9:26  Zergling x8  
  165  9:30  Zergling x4  
  171  9:33  Zergling x4  
  171  9:35  Zergling x2  
  173  9:39  Overlord  
  173  9:41  Zergling x6  
  173  9:44  Hydralisk  
  173  9:48  Zergling x12  
  173  9:51  Baneling x19  
  179  9:53  Overlord  
  179  9:54  Hatchery  
  179  9:57  Spore Crawler  
  177  10:00  Drone  
  177  10:01  Zergling x18  
  177  10:05  Zergling x2  
  188  10:09  Overlord, Lurker Den  
  188  10:10  Extractor  
  188  10:12  Drone  
  188  10:13  Drone x2  
  189  10:14  Overlord  
  189  10:15  Zergling x12  
  189  10:19  Zergling x2  
  189  10:20  Overlord  
  196  10:21  Baneling x2  
  196  10:33  Zergling x2  
  196  10:34  Zergling x14  
  193  10:36  Viper x2  
  193  10:38  Hatchery  
  193  10:41  Zergling x8  
  198  10:47  Lair  
  191  10:53  Zergling x4  
  178  11:03  Zergling x28  
  167  11:06  Baneling x2  
  167  11:07  Baneling x13  
  167  11:10  Zergling x14  
  173  11:15  Hydralisk x3  
  176  11:19  Hydralisk  
  176  11:23  Hydralisk x3  
  176  11:24  Zergling x8  
  187  11:28  Hydralisk x2  
  187  11:29  Zergling x2  
  187  11:32  Muscular Augments  
  191  11:33  Zergling x2  
  191  11:34  Zergling x4  
  191  11:36  Zergling x6  
  191  11:38  Drone  
  187  11:47  Zergling x14  
  187  11:52  Zergling x4  
  187  11:53  Zergling x2  
  190  11:58  Zergling x8  
  180  12:02  Zergling x6  
  180  12:06  Zergling x8  
  184  12:09  Pneumatized Carapace  
  184  12:10  Baneling x4  
  184  12:11  Baneling  
  184  12:13  Zergling x2  
  184  12:14  Zergling x4  
  186  12:16  Zergling x6  
  186  12:19  Zergling x2  
  186  12:20  Zergling x6  
  191  12:26  Zergling x12  
  191  12:29  Zergling x8  
  189  12:38  Overseer, Zergling x16  
  189  12:40  Baneling x5  
  194  12:46  Zergling x10  
  194  12:49  Hydralisk  
  199  12:53  Zergling x2  
  199  12:56  Baneling x4  
  199  12:57  Baneling x11  
  197  13:02  Zergling x6  
  197  13:03  Baneling x3  
  197  13:04  Baneling x5  
  200  13:08  Baneling x2  
  200  13:10  Zergling x4  
  193  13:16  Zergling x16  
  193  13:18  Zergling x4  
  196  13:20  Zergling x2  
  196  13:21  Zergling x2  
  196  13:24  Zergling x2  
  196  13:25  Overlord  
  196  13:27  Overlord  
  196  13:34  Zergling x10  
  177  13:39  Zergling x2  
  177  13:40  Zergling x2  
  162  13:47  Hydralisk x3  
  158  13:51  Baneling x12  
  158  13:54  Zergling x6  
  146  13:56  Zergling x4  
  137  14:03  Zergling x6  

Tags
 
Add a new tag
Caveats
  • Supply blocks, unpowered buildings, or Contaminate may cause inaccurate times.
  • Supply counts are checked every 10 seconds.